| TOP OF THE 1ST |
|
University of Arizona Wildcats batting - Pitching for Stanford University Cardinal : RHP Cesar Jimenez
|
|
Pitching: RHP Cesar Jimenez
|
|
|
Batting: LHB Cody Humphries
|
0-0: Ball 1-0: Swinging Strike 1-1: Called Strike 1-2: Foul Ball, location: 2F 1-2: Foul Ball, location: 2F 1-2: Ball 2-2: Strikes out looking
|
|
Batting: LHB Bruce Arvizu
|
0-0: Ball 1-0: Fly out, F8 (Flyball, 8RS, EV 89.4 MPH)
|
|
Batting: RHB Andy Bachman
|
0-0: Ball 1-0: Ball 2-0: Foul Ball, location: 2F 2-1: Ball 3-1: DOUBLE (Line Drive, 89XD, EV 105.6 MPH) - OUT at third base trying to stretch hit.
|
| Top of the 1st over - 0 runs, 1 hit, 0 errors, 0 left on base; University of Arizona 0 - Stanford University 0 |
| BOTTOM OF THE 1ST |
|
Stanford University Cardinal batting - Pitching for University of Arizona Wildcats : LHP Nestor Donato
|
|
Pitching: LHP Nestor Donato
|
|
|
Batting: SHB Robert Santiago
|
0-0: Swinging Strike 0-1: Foul Ball, location: 2F 0-2: DOUBLE (Line Drive, 89D, EV 102.5 MPH)
|
|
Batting: RHB Adrian Cox
|
0-0: Ball 1-0: Ball 2-0: Called Strike 2-1: Ball 3-1: SINGLE (Groundball, 34D, EV 109.4 MPH) Robert Santiago to third
|
|
Batting: RHB Mike Bell
|
0-0: Fly out, F8 (Flyball, 78D, EV 89.4 MPH) Runner from 3rd tags up, SCORES, no throw by CF
|
|
Batting: RHB Roy Battist
|
0-0: 2-RUN HOME RUN (Flyball, 78XD, EV 113.8 MPH), Distance : 429 ft
|
|
Batting: RHB Josh Asch
|
0-0: Ground out 6-3 (Groundball, 6S, EV 91.3 MPH)
|
|
Batting: RHB Joe Sandoval
|
0-0: Ball 1-0: Ball 2-0: Foul Ball, location: 2F 2-1: Ball 3-1: Base on Balls
|
|
Batting: RHB Ricky Mejicanos
|
0-0: Called Strike 0-1: Foul Ball, location: 2F 0-2: Ball 1-2: Foul Ball, location: 2F 1-2: DOUBLE (Flyball, 8RXD, EV 96.3 MPH) Joe Sandoval to third Runner from 3rd tries for Home, SAFE, throw by CF to home
|
|
Batting: SHB Justin Corbett
|
0-0: Ball 1-0: Ball 2-0: Ball 3-0: Base on Balls
|
|
Batting: LHB Jim Jardine
|
0-0: Ball 1-0: Called Strike 1-1: Ball 2-1: Called Strike 2-2: Foul Ball, location: 2F 2-2: Fly out, F8 (Flyball, 8LD, EV 91.9 MPH)
|
| Bottom of the 1st over - 4 runs, 4 hits, 0 errors, 2 left on base; University of Arizona 0 - Stanford University 4 |
| TOP OF THE 2ND |
|
University of Arizona Wildcats batting - Pitching for Stanford University Cardinal : RHP Cesar Jimenez
|
|
Batting: RHB Carlos Teniente
|
0-0: Fly out, F9 (Line Drive, 9, EV 86.3 MPH)
|
|
Batting: RHB Miguel Villanueva
|
0-0: Ball 1-0: Ground out U3 (Groundball, 34S, EV 69.4 MPH)
|
|
Batting: RHB Allen Deschamps
|
0-0: Ball 1-0: Foul Ball, location: 2F 1-1: Swinging Strike 1-2: Ball 2-2: Foul Ball, location: 2F 2-2: Foul Ball, location: 2F 2-2: Ground out 5-3 (Groundball, 56, EV 90.6 MPH)
|
| Top of the 2nd over - 0 runs, 0 hits, 0 errors, 0 left on base; University of Arizona 0 - Stanford University 4 |
| BOTTOM OF THE 2ND |
|
Stanford University Cardinal batting - Pitching for University of Arizona Wildcats : LHP Nestor Donato
|
|
Batting: SHB Robert Santiago
|
0-0: Swinging Strike 0-1: Foul Ball, location: 2F 0-2: Ball 1-2: Ball 2-2: Fly out, F9 (Flyball, 9, EV 78.1 MPH)
|
|
Batting: RHB Adrian Cox
|
0-0: Called Strike 0-1: SOLO HOME RUN (Flyball, 7D, EV 100.6 MPH), Distance : 388 ft
|
|
Batting: RHB Mike Bell
|
0-0: Called Strike 0-1: Foul Ball, location: 2F 0-2: Ball 1-2: Fly out, F7 (Line Drive, 7, EV 93.8 MPH)
|
|
Batting: RHB Roy Battist
|
0-0: Foul Ball, location: 2F 0-1: Called Strike 0-2: Ball 1-2: Ball 2-2: Ball 3-2: Foul Ball, location: 2F 3-2: Foul Ball, location: 2F 3-2: Ground out U3 (Groundball, 34, EV 90.6 MPH)
|
| Bottom of the 2nd over - 1 run, 1 hit, 0 errors, 0 left on base; University of Arizona 0 - Stanford University 5 |
| TOP OF THE 3RD |
|
University of Arizona Wildcats batting - Pitching for Stanford University Cardinal : RHP Cesar Jimenez
|
|
Batting: RHB Abdel Ambar
|
0-0: Called Strike 0-1: Ball 1-1: Ball 2-1: Fly out, F3 (Popup, 3L, EV 70.0 MPH)
|
|
Batting: RHB Costantino Dolfini
|
0-0: Called Strike 0-1: Swinging Strike 0-2: Strikes out swinging
|
|
Batting: SHB Greg Rivera
|
0-0: Ball 1-0: Ball 2-0: Ground out 6-3 (Groundball, 6M, EV 103.1 MPH)
|
| Top of the 3rd over - 0 runs, 0 hits, 0 errors, 0 left on base; University of Arizona 0 - Stanford University 5 |
| BOTTOM OF THE 3RD |
|
Stanford University Cardinal batting - Pitching for University of Arizona Wildcats : LHP Nestor Donato
|
|
Batting: RHB Josh Asch
|
0-0: Called Strike 0-1: Ball 1-1: Ball 2-1: Foul Ball, location: 2F 2-2: Ground out U3 (Groundball, 3S, EV 80.6 MPH)
|
|
Batting: RHB Joe Sandoval
|
0-0: Called Strike 0-1: Ball 1-1: Called Strike 1-2: Ball 2-2: Foul Ball, location: 2F 2-2: Ball 3-2: Foul Ball, location: 2F 3-2: Foul Ball, location: 2F 3-2: Base on Balls
|
|
Pitching: RHP Matt Seivert
|
|
|
Batting: RHB Ricky Mejicanos
|
0-0: Ball 1-0: Ball 2-0: Called Strike 2-1: Ball 3-1: SINGLE (Groundball, 25, EV 68.1 MPH) (infield hit) Joe Sandoval to second
|
|
Batting: SHB Justin Corbett
|
0-0: Ball 1-0: Called Strike 1-1: Ball 2-1: Swinging Strike 2-2: Ball 3-2: Strikes out looking
|
|
Batting: LHB Jim Jardine
|
0-0: Ball 1-0: Ball 2-0: Ball 3-0: Base on Balls Joe Sandoval to third Ricky Mejicanos to second
|
|
Batting: SHB Robert Santiago
|
0-0: Ball 1-0: Foul Ball, location: 2F 1-1: Ball 2-1: Fielders Choice at 2nd, 6-4 (Groundball, 6, EV 98.8 MPH)
|
| Bottom of the 3rd over - 0 runs, 1 hit, 0 errors, 3 left on base; University of Arizona 0 - Stanford University 5 |
| TOP OF THE 4TH |
|
University of Arizona Wildcats batting - Pitching for Stanford University Cardinal : RHP Cesar Jimenez
|
|
Batting: LHB Cody Humphries
|
0-0: Ball 1-0: Ball 2-0: Ground out 4-3 (Groundball, 4, EV 89.4 MPH)
|
|
Batting: LHB Bruce Arvizu
|
0-0: Swinging Strike 0-1: Foul Ball, location: 2F 0-2: Ball 1-2: Strikes out swinging, 2-3 out at first.
|
|
Batting: RHB Andy Bachman
|
0-0: Called Strike 0-1: Foul Ball, location: 2F 0-2: DOUBLE (Line Drive, 9LD, EV 108.8 MPH)
|
|
Batting: RHB Carlos Teniente
|
0-0: Swinging Strike 0-1: Foul Ball, location: 2F 0-2: Ball 1-2: Foul Ball, location: 2F 1-2: Ball 2-2: Fly out, F9 (Line Drive, 9, EV 101.3 MPH)
|
| Top of the 4th over - 0 runs, 1 hit, 0 errors, 1 left on base; University of Arizona 0 - Stanford University 5 |
| BOTTOM OF THE 4TH |
|
Stanford University Cardinal batting - Pitching for University of Arizona Wildcats : RHP Matt Seivert
|
|
Batting: RHB Adrian Cox
|
0-0: Ball 1-0: Fly out, F4 (Popup, 4M, EV 53.8 MPH)
|
|
Batting: RHB Mike Bell
|
0-0: Ball 1-0: Foul Ball, location: 2F 1-1: Foul Ball, location: 2F 1-2: Ball 2-2: Foul Ball, location: 2F 2-2: Strikes out swinging
|
|
Batting: RHB Roy Battist
|
0-0: Ball 1-0: Ball 2-0: Ball 3-0: Base on Balls
|
|
Batting: RHB Josh Asch
|
0-0: Ball 1-0: Ball 2-0: Ball 3-0: Base on Balls Roy Battist to second
|
|
Batting: RHB Joe Sandoval
|
0-0: Fly out, F8 (Flyball, 78D, EV 95.6 MPH)
|
| Bottom of the 4th over - 0 runs, 0 hits, 0 errors, 2 left on base; University of Arizona 0 - Stanford University 5 |
| TOP OF THE 5TH |
|
University of Arizona Wildcats batting - Pitching for Stanford University Cardinal : RHP Cesar Jimenez
|
|
Batting: RHB Miguel Villanueva
|
0-0: SINGLE (Flyball, 9LS, EV 100.6 MPH)
|
|
Batting: RHB Allen Deschamps
|
0-0: Ball 1-0: DOUBLE (Line Drive, 78D, EV 104.4 MPH) Miguel Villanueva to third
|
|
Batting: RHB Abdel Ambar
|
0-0: Swinging Strike 0-1: Called Strike 0-2: Ball 1-2: Strikes out swinging
|
|
Batting: RHB Costantino Dolfini
|
0-0: Swinging Strike 0-1: Foul Ball, location: 2F 0-2: Ball 1-2: Ball 2-2: Fly out, F7 (Flyball, 7S, EV 78.1 MPH)
|
|
Batting: SHB Greg Rivera
|
0-0: Foul Ball, location: 2F 0-1: Foul Ball, location: 2F 0-2: Ball 1-2: Strikes out swinging
|
| Top of the 5th over - 0 runs, 2 hits, 0 errors, 2 left on base; University of Arizona 0 - Stanford University 5 |
| BOTTOM OF THE 5TH |
|
Stanford University Cardinal batting - Pitching for University of Arizona Wildcats : RHP Matt Seivert
|
|
Batting: RHB Ricky Mejicanos
|
0-0: Called Strike 0-1: Reached on error, E9 (Flyball, 89M, EV 74.4 MPH)
|
|
Batting: SHB Justin Corbett
|
0-0: Swinging Strike 0-1: Fly out, F8 (Line Drive, 8RD, EV 95.6 MPH)
|
|
Batting: LHB Jim Jardine
|
0-0: Called Strike 0-1: Hit by Pitch Ricky Mejicanos to second
|
|
Batting: SHB Robert Santiago
|
0-0: Ball 1-0: Called Strike 1-1: Fly out, F7 (Flyball, 78M, EV 84.4 MPH)
|
|
Pitching: RHP Yoshimatsu Sugimoto
|
|
|
Batting: RHB Adrian Cox
|
0-0: Hit by Pitch Ricky Mejicanos to third Jim Jardine to second
|
|
Batting: RHB Mike Bell
|
0-0: Fielders Choice at 2nd, 6-4 (Groundball, 6, EV 86.9 MPH)
|
| Bottom of the 5th over - 0 runs, 0 hits, 1 error, 3 left on base; University of Arizona 0 - Stanford University 5 |
| TOP OF THE 6TH |
|
University of Arizona Wildcats batting - Pitching for Stanford University Cardinal : RHP Cesar Jimenez
|
|
Batting: LHB Cody Humphries
|
0-0: Called Strike 0-1: Fly out, F7 (Flyball, 7, EV 82.5 MPH)
|
|
Batting: LHB Bruce Arvizu
|
0-0: Ball 1-0: Ball 2-0: Foul Ball, location: 2F 2-1: Ball 3-1: Swinging Strike 3-2: Fly out, F8 (Line Drive, 8LM, EV 96.3 MPH)
|
|
Batting: RHB Andy Bachman
|
0-0: Swinging Strike 0-1: Ball 1-1: Foul Ball, location: 2F 1-2: Ball 2-2: SINGLE (Groundball, 34D, EV 107.5 MPH)
|
|
Pitching: RHP Jason Barr
|
|
|
Batting: RHB Carlos Teniente
|
0-0: Ball 1-0: Ball 2-0: Foul Ball, location: 2F 2-1: Ground out 4-3 (Groundball, 4S, EV 80.0 MPH)
|
| Top of the 6th over - 0 runs, 1 hit, 0 errors, 1 left on base; University of Arizona 0 - Stanford University 5 |
| BOTTOM OF THE 6TH |
|
Stanford University Cardinal batting - Pitching for University of Arizona Wildcats : RHP Yoshimatsu Sugimoto
|
|
Batting: RHB Roy Battist
|
0-0: Ball 1-0: Ball 2-0: Ball 3-0: Called Strike 3-1: SINGLE (Groundball, 5D, EV 101.9 MPH)
|
|
Batting: RHB Josh Asch
|
0-0: Ball 1-0: Ball 2-0: Ball 3-0: Base on Balls Roy Battist to second
|
|
Batting: RHB Joe Sandoval
|
0-0: 3-RUN HOME RUN (Line Drive, 78XD, EV 98.1 MPH), Distance : 405 ft
|
|
Batting: RHB Ricky Mejicanos
|
0-0: Ball 1-0: Ball 2-0: Fly out, F7 (Flyball, 7LS, EV 80.0 MPH)
|
|
Batting: SHB Justin Corbett
|
0-0: Ball 1-0: Called Strike 1-1: DOUBLE (Flyball, 89D, EV 105.0 MPH)
|
|
Batting: LHB Jim Jardine
|
0-0: Ball 1-0: Foul Ball, location: 2F 1-1: Called Strike 1-2: Foul Ball, location: 2F 1-2: Ball 2-2: Ball 3-2: Base on Balls
|
|
Batting: SHB Robert Santiago
|
0-0: Called Strike 0-1: Ball 1-1: Called Strike 1-2: Foul Ball, location: 2F 1-2: Ball 2-2: Fly out, F6 (Popup, 56, EV 73.8 MPH)
|
|
Batting: RHB Adrian Cox
|
0-0: Ball 1-0: Ball 2-0: Ball 3-0: Called Strike 3-1: SINGLE (Groundball, 56, EV 110.0 MPH) (infield hit) Justin Corbett to third Jim Jardine to second
|
|
Pitching: RHP Oscar Cintron
|
|
|
Batting: RHB Mike Bell
|
0-0: Called Strike 0-1: Called Strike 0-2: Ball 1-2: Ball 2-2: Fly out, F8 (Flyball, 8LXD, EV 88.1 MPH)
|
| Bottom of the 6th over - 3 runs, 4 hits, 0 errors, 3 left on base; University of Arizona 0 - Stanford University 8 |
| TOP OF THE 7TH |
|
University of Arizona Wildcats batting - Pitching for Stanford University Cardinal : RHP Jason Barr
|
|
Batting: RHB Miguel Villanueva
|
0-0: Called Strike 0-1: Ball 1-1: Called Strike 1-2: Ball 2-2: Fly out, F7 (Flyball, 78D, EV 85.0 MPH)
|
|
Batting: RHB Allen Deschamps
|
0-0: Ball 1-0: Called Strike 1-1: Foul Ball, location: 2F 1-2: Strikes out swinging
|
|
Batting: RHB Abdel Ambar
|
0-0: Foul Ball, location: 2F 0-1: Ball 1-1: Swinging Strike 1-2: Strikes out swinging
|
| Top of the 7th over - 0 runs, 0 hits, 0 errors, 0 left on base; University of Arizona 0 - Stanford University 8 |
| BOTTOM OF THE 7TH |
|
Stanford University Cardinal batting - Pitching for University of Arizona Wildcats : RHP Oscar Cintron
|
|
Batting: RHB Roy Battist
|
0-0: SOLO HOME RUN (Flyball, 7D, EV 103.8 MPH), Distance : 398 ft
|
|
Batting: RHB Josh Asch
|
0-0: Ball 1-0: Ball 2-0: Fly out, F7 (Flyball, 7S, EV 93.8 MPH)
|
|
Batting: RHB Joe Sandoval
|
0-0: Called Strike 0-1: Called Strike 0-2: Ball 1-2: Ground out 5-3 (Groundball, 56S, EV 90.0 MPH)
|
|
Batting: RHB Ricky Mejicanos
|
0-0: Swinging Strike 0-1: Ball 1-1: Foul Ball, location: 2F 1-2: Ground out 5-3 (Groundball, 56S, EV 86.9 MPH)
|
| Bottom of the 7th over - 1 run, 1 hit, 0 errors, 0 left on base; University of Arizona 0 - Stanford University 9 |
| TOP OF THE 8TH |
|
University of Arizona Wildcats batting - Pitching for Stanford University Cardinal : RHP Jason Barr
|
|
Batting: RHB Costantino Dolfini
|
0-0: Foul Ball, location: 2F 0-1: Ball 1-1: Swinging Strike 1-2: Ball 2-2: SINGLE (Groundball, 6MD, EV 105.0 MPH)
|
|
Pitching: RHP Brian Waldrip
|
|
|
Batting: SHB Greg Rivera
|
0-0: Ball 1-0: Ball 2-0: Fielders Choice at 2nd, 3-6 (Groundball, 34, EV 85.0 MPH)
|
|
Batting: LHB Cody Humphries
|
0-0: DOUBLE (Line Drive, 89M, EV 113.1 MPH) Greg Rivera to third
|
|
Pinch Hitting: RHB Leo Villa
|
0-0: Swinging Strike 0-1: Ball 1-1: Ball 2-1: Ground out 5-3 (Groundball, 56, EV 86.3 MPH) Greg Rivera scores
|
|
Batting: RHB Andy Bachman
|
0-0: Ball 1-0: Called Strike 1-1: Ball 2-1: Called Strike 2-2: Ground out 2-3 (Groundball, 2L, EV 68.8 MPH)
|
| Top of the 8th over - 1 run, 2 hits, 0 errors, 1 left on base; University of Arizona 1 - Stanford University 9 |
| BOTTOM OF THE 8TH |
|
Stanford University Cardinal batting - Pitching for University of Arizona Wildcats : RHP Oscar Cintron
|
|
Now in LF: Leo Villa
|
|
|
Batting: SHB Justin Corbett
|
0-0: Ground out 3-1 (Groundball, 34S, EV 80.0 MPH)
|
|
Batting: LHB Jim Jardine
|
0-0: Ball 1-0: Ball 2-0: Called Strike 2-1: Ball 3-1: Base on Balls
|
|
Pinch Hitting: LHB Justin O'Neal
|
0-0: Ball 1-0: 2-RUN HOME RUN (Flyball, 78XD, EV 107.5 MPH), Distance : 413 ft
|
|
Batting: RHB Adrian Cox
|
0-0: Called Strike 0-1: Fly out, F8 (Flyball, 8RXD, EV 101.3 MPH)
|
|
Batting: RHB Mike Bell
|
0-0: Called Strike 0-1: Ball 1-1: SOLO HOME RUN (Flyball, 7D, EV 96.9 MPH), Distance : 389 ft
|
|
Batting: RHB Roy Battist
|
0-0: Ball 1-0: Ball 2-0: Ball 3-0: Base on Balls
|
|
Pitching: RHP Tim Mumpower
|
|
|
Batting: RHB Josh Asch
|
0-0: Foul Ball, location: 2F 0-1: Foul Ball, location: 2F 0-2: Fielders Choice at 2nd, U4 (Groundball, 4M, EV 101.9 MPH)
|
| Bottom of the 8th over - 3 runs, 2 hits, 0 errors, 1 left on base; University of Arizona 1 - Stanford University 12 |
| TOP OF THE 9TH |
|
University of Arizona Wildcats batting - Pitching for Stanford University Cardinal : RHP Brian Waldrip
|
|
Now at 3B: Justin O'Neal
|
|
|
Pinch Hitting: LHB Daigo Ishii
|
0-0: Called Strike 0-1: Ball 1-1: Ball 2-1: Foul Ball, location: 2F 2-2: Foul Ball, location: 2F 2-2: Foul Ball, location: 2F 2-2: Ball 3-2: DOUBLE (Flyball, 8RXD, EV 97.5 MPH)
|
|
Pitching: RHP Kunihiro Sasaki
|
|
|
Batting: RHB Miguel Villanueva
|
0-0: Ball 1-0: Ball 2-0: Ball 3-0: Base on Balls
|
|
Pinch Hitting: RHB Andy Garvin
|
0-0: Ball 1-0: Swinging Strike 1-1: DOUBLE (Line Drive, 7LM, EV 104.4 MPH) Daigo Ishii scores Miguel Villanueva to third
|
|
Batting: RHB Abdel Ambar
|
0-0: Foul Ball, location: 2F 0-1: Ground out 5-3 (Groundball, 5S, EV 88.8 MPH)
|
|
Pinch Hitting: SHB Cesar Pelayo
|
0-0: Ball 1-0: Ball 2-0: Swinging Strike 2-1: Swinging Strike 2-2: Foul Ball, location: 2F 2-2: Ball 3-2: Strikes out looking
|
|
Batting: SHB Greg Rivera
|
0-0: Ball 1-0: Ball 2-0: Called Strike 2-1: Ball 3-1: Foul Ball, location: 2F 3-2: Foul Ball, location: 2F 3-2: Base on Balls
|
|
Batting: LHB Cody Humphries
|
0-0: Called Strike 0-1: Called Strike 0-2: Foul Ball, location: 2F 0-2: Strikes out looking
|
| Top of the 9th over - 1 run, 2 hits, 0 errors, 3 left on base; University of Arizona 2 - Stanford University 12 |
|